 Dungeon Crawl Stone Soup version 0.28.0 (webtiles) character file.

Game seed: 267184945581349000

91 hikkokomori the Digger (level 4, -5/25 HPs)
             Began as a Gargoyle Earth Elementalist on Feb 15, 2022.
             Slain by a wight (9 damage)
             ... on level 2 of the Dungeon.
             The game lasted 00:05:34 (1986 turns).

hikkokomori the Digger (GrEE)                       Turns: 1986, Time: 00:05:34

Health: -5/25      AC:  5    Str: 13    XL:     4   Next: 57%
Magic:  2/7        EV: 11    Int: 16    God:
Gold:   79         SH:  0    Dex: 10    Spells: 6/7 levels left

rFire   . . .      SeeInvis .   g - +0 short sword
rCold   . . .      Faith    .   (no shield)
rNeg    + . .      Spirit   .   b - +0 robe
rPois   ∞          Reflect  .   (no helmet)
rElec   +          Harm     .   (no cloak)
rCorr   .          Rampage  .   (no gloves)
Will    .....                   (no boots)
Stlth   ++........              (no amulet)
HPRegen 0.08/turn               (no ring)
MPRegen 0.10/turn               (no ring)

@: no status effects
A: sickness immunity, AC +3, negative energy resistance 1, electricity
resistance, torment resistance 1, petrification resistance
a: no special abilities


You were on level 2 of the Dungeon.
You visited 1 branch of the dungeon, and saw 3 of its levels.

You collected 79 gold pieces.

Inventory:

Hand Weapons
 e - a +0 dagger
 g - a +0 short sword (weapon)
Missiles
 c - 10 stones
Armour
 b - a +0 robe (worn)
Scrolls
 a - a scroll of teleportation {unknown}
 f - a scroll of torment {unknown}
 h - a scroll of vulnerability {unknown}
 i - 2 scrolls of identify {unknown}
Potions
 d - a potion of cancellation {unknown}
 j - a potion of attraction {unknown}
 k - a potion of haste {unknown}


   Skills:
 + Level 1.6 Fighting
 - Level 1.5 Dodging
 - Level 2.1 Stealth
 - Level 2.0 Spellcasting
 + Level 2.2 Transmutations
 + Level 4.9 Earth Magic


You had 6 spell levels left.
You knew the following spells:

 Your Spells              Type           Power      Damage    Failure   Level
a - Sandblast             Erth           34%        2d9       2%          1

Your spell library contained the following spells:

 Spells                   Type           Power      Damage    Failure   Level
 Passwall                 Tmut/Erth      10%        N/A       8%          2
 Stone Arrow              Conj/Erth      18%        3d8       22%         3
 Petrify                  Tmut/Erth      13%        N/A       43%         4


Dungeon Overview and Level Annotations

Branches:
Dungeon (3/15)

Altars:


Innate Abilities, Weirdness & Mutations

You are immune to sickness and miasma.
Your stone body is resilient. (AC +3)
You are immune to poison.
You resist negative energy. (rN+)
You are resistant to electric shocks. (rElec)
You are resistant to unholy torment.
You are immune to petrification.


Message History

Aiming: Sandblast (safe; 3% risk of failure)
Press: ? - help, Shift-Dir - straight line, f/p - wight
Aim: a wight, wielding a +0 battleaxe and wearing a +0 robe (heavily damaged, 79% to hit)
The blast of sand misses the wight.
The blast of sand hits the wight!
The wight is almost destroyed.
The wight misses you.
Casting: Sandblast (safe; 3% risk of failure)
Confirm with . or Enter, or press ? or * to list all spells.
Aiming: Sandblast (safe; 3% risk of failure)
Press: ? - help, Shift-Dir - straight line, f/p - wight
Aim: a wight, wielding a +0 battleaxe and wearing a +0 robe (moderately damaged, 79% to hit)
The blast of sand misses the wight.
The blast of sand hits the wight.
You destroy the wight!
The wight barely misses you.
Your Fighting skill increases to level 1!
Your Transmutations skill increases to level 2!
You have reached level 4!
You feel clever.
There is a stone staircase leading up here.
The wight hits you with a +0 battleaxe.
You climb upwards.
There is a stone staircase leading down here.
Casting: Sandblast (safe; 2% risk of failure)
Confirm with . or Enter, or press ? or * to list all spells.
Aiming: Sandblast (safe; 2% risk of failure)
Press: ? - help, Shift-Dir - straight line, f - wight
Aim: a wight, wielding a +0 battleaxe and wearing a +0 robe (moderately damaged, 79% to hit)
The blast of sand hits the wight.
The wight is heavily damaged.
The wight misses you.
You hit the wight but do no damage.
The wight is heavily damaged.
The wight barely misses you.
Press: ? - help, v - describe, . - travel A rock wall.
The wight hits you with a +0 battleaxe.
* * * LOW HITPOINT WARNING * * *
There is a stone staircase leading up here.
The wight hits you with a +0 battleaxe!
You die...

### #.. ####.####
#.......# # # ##
#.......#.# #.###≈
#.......#.#.###≈#
...#≈#
#.............≈≈#
#.≈.###.......#......≈#
#.≈..##.....z@# #....≈#
#.≈...o.......# ..≈.≈##
##≈#.#####.#### #.≈≈. #
#.### #.# #.#≈########
#. #...###.#
#.#.........
..#####..##..
#.#.########
...#....#### #.#.#
#.#.##.# #.#.#
#...##.###########.#.#


You could see a wight and an orc wizard.

Vanquished Creatures
  A wight (D:3)
  2 dart slugs (D:1)
  3 orcs (D:2)
  7 ball pythons (D:1)
  4 bats (D:1)
  3 endoplasms
  7 hobgoblins
  A quokka (D:1)
  4 frilled lizards (D:1)
  4 kobolds (D:1)
  5 rats
41 creatures vanquished.

Vanquished Creatures (others)
  2 fungi (D:1)
2 creatures vanquished.

Grand Total: 43 creatures vanquished

Notes
Turn   | Place    | Note
-------+----------+-------------------------------------------
     0 | D:1      | hikkokomori the Gargoyle Earth Elementalist began the quest
                  | for the Orb.
     0 | D:1      | Reached XP level 1. HP: 10/10 MP: 3/3
    56 | D:1      | Reached skill level 1 in Transmutations
   101 | D:1      | Reached XP level 2. HP: 15/15 MP: 0/5
   103 | D:1      | Reached skill level 4 in Earth Magic
   585 | D:1      | Reached XP level 3. HP: 15/19 MP: 6/6
  1047 | D:1      | Found a faded altar of an unknown god.
  1960 | D:3      | Reached skill level 1 in Fighting
  1960 | D:3      | Reached XP level 4. HP: 13/25 MP: 0/7
  1986 | D:2      | Slain by a wight

Illustrated notes

Levels and vault maps discovered:
D:1:      lightli_arrival_quake, layout_basic,
          shapermc_ecumenical_altar_mp_urbaneastern, roderic_lattice_a
D:2:      layout_loops_ring, serial_shops, nicolae_shop_window_shopping,
          serial_rivers, chequers_serial_rivers_micro_e,
          chequers_serial_rivers_micro_a, chequers_serial_rivers_small_3,
          chequers_serial_rivers_large_b
D:3:      minmay_wonky_spiral, layout_basic, gup_sewer_entry_bowl,
          gammafunk_ghost_grave, uniq_grinder, uniq_ijyb, uniq_jessica

Skill      XL: |  1  2  3 |
---------------+----------+-----
Transmutations | 1 2 |  2.2
Earth Magic    | 4 |  4.9
Fighting       | 1 |  1.6
Dodging        | |  1.5
Stealth        | |  2.1
Spellcasting   | |  2.0

Action                   |  1- 3 |  4- 6 || total
-------------------------+-------+-------++-------
Melee: Dagger            |    69 |       ||    69
       Short sword       |    25 |     1 ||    26
 Cast: Sandblast         |    40 |     1 ||    41
 Stab: Sleeping          |     2 |       ||     2
Armor: Robe              |    29 |       ||    29
Dodge: Dodged            |    72 |     2 ||    74
